 Dungeon Crawl Stone Soup version 0.20-a0-910-gb611367 (webtiles) character file.

1869939 elan the Conqueror (level 27, 298/298 HPs)
             Began as a Naga Gladiator on Mar 23, 2017.
             Was the Champion of Okawaru.
             Escaped with the Orb
             ... and 3 runes on Mar 24, 2017!
             The game lasted 02:52:08 (63657 turns).

elan the Conqueror (Naga Gladiator)                Turns: 63657, Time: 02:52:08

Health: 298/298    AC: 66    Str: 24    XL:     27
Magic:  10/10      EV: 14    Int:  6    God:    Okawaru [******]
Gold:   4538       SH: 30    Dex: 25    Spells: 21/26 levels left

rFire    + + +     SeeInvis +   a - +0 broad axe (antimagic)
rCold    + . .     Gourm    .   A - +15 crystal plate armour of Eternal Night {rF++ Regen+ SInv}
rNeg     + + .     Faith    .   T - +8 large shield {rF+}
rPois    +         Spirit   +   E - +0 hat "Conn" {rN+ MR+ Regen+ Int-3}
rElec    +         Reflect  .   u - +4 cloak "Soeza Ose" {rN+ Slay+6}
rCorr    .         Harm     .   d - +1 pair of gloves of the Hall of Blades {Int+3 Dex+6 Slay+2}
MR       ++++.     Clarity  +   m - +6 lightning scales {run, rElec}
Stlth    ..........             k - amulet of guardian spirit
Regen    1.4/turn               F - +4 ring of evasion
MPRegen  0.2/turn               e - ring of protection from cold

@: slow
A: see invisible, clarity, deformed body, deterioration 1, dopey 1, low mp 1,
sense surroundings 1, poison resistance, screaming 1, slowness 2, slow
metabolism 1, spit poison 1, MP-powered wands, constrict 1, AC +9
0: Orb of Zot
}: 3/15 runes: barnacled, silver, gossamer
a: Spit Poison, Heroism, Finesse, Renounce Religion


You escaped.
You worshipped Okawaru.
Okawaru was exalted by your worship.
You were very hungry.

You visited 10 branches of the dungeon, and saw 50 of its levels.
You visited the Abyss 2 times.
You also visited: Labyrinth, Trove and Ice Cave.

You collected 7426 gold pieces.
You spent 2888 gold pieces at shops.

Inventory:

Hand Weapons
 a - a +0 antimagic broad axe (weapon)
Missiles
 c - a throwing net
 B - 16 javelins of returning (quivered)
 C - 53 javelins
Armour
 d - the +1 pair of gloves of the Hall of Blades (worn) {Int+3 Dex+6 Slay+2}
   (You found it in a treasure trove)

   It affects your intelligence (+3).
   It affects your dexterity (+6).
   It affects your accuracy and damage with ranged weapons and melee attacks
   (+2).
 m - the +6 lightning scales (worn) {run, rElec}
   (You found it in a treasure trove)

   It insulates you from electricity.
 u - the +4 cloak "Soeza Ose" (worn) {rN+ Slay+6}
   (You found it in a treasure trove)

   It affects your accuracy and damage with ranged weapons and melee attacks
   (+6).
   It protects you from negative energy.
 A - the +15 crystal plate armour of Eternal Night (worn) {rF++ Regen+ SInv}
   (Okawaru gifted it to you on level 4 of the Depths)

   It greatly protects you from fire.
   It lets you see invisible.
   It increases your rate of regeneration.
 E - the +0 hat "Conn" (worn) {rN+ MR+ Regen+ Int-3}
   (You found it in an ice cave)

   It affects your intelligence (-3).
   It protects you from negative energy.
   It affects your resistance to hostile enchantments.
   It increases your rate of regeneration.
 T - a +8 large shield of fire resistance (worn)
Jewellery
 e - a ring of protection from cold (left hand)
 i - an uncursed ring of resist corrosion
 j - the ring "Jenodek" {rF+ rN+ Dex+2 SInv}
   (You took it off a deep elf annihilator on level 5 of the Vaults)

   [ring of see invisible]

   It affects your dexterity (+2).
   It protects you from fire.
   It protects you from negative energy.
   It lets you see invisible.
 k - an amulet of guardian spirit (around neck)
 n - the ring of the Many Stars {rElec MR+ AC+2 Str+3}
   (You acquired it on level 3 of the Realm of Zot)

   [ring of protection]

   It affects your AC (+2).
   It affects your strength (+3).
   It insulates you from electricity.
   It affects your resistance to hostile enchantments.
 F - a +4 ring of evasion (right hand)
 K - the macabre finger necklace {rN+}
   (You found it on level 1 of the Lair of Beasts)

   [amulet of nothing]

   It protects you from negative energy.
Wands
 p - a wand of acid (7/15)
 M - a wand of scattershot (5/9)
 Z - a wand of iceblast (4/15)
Scrolls
 l - 9 scrolls of recharging
 x - a scroll of enchant weapon
 D - 11 scrolls of fear
 G - 23 scrolls of remove curse {@r2}
 H - 25 scrolls of teleportation
 I - 5 scrolls of blinking
 J - 8 scrolls of magic mapping
 N - 2 scrolls of summoning
 Q - 8 scrolls of fog
 U - 2 scrolls of enchant armour
 Y - a scroll of identify {@r1}
Potions
 b - 4 potions of agility
 h - 6 potions of mutation {!q}
 o - 7 potions of heal wounds
 q - a potion of resistance
 r - 9 potions of ambrosia
 s - 2 potions of might
 y - 4 potions of cancellation
 z - 9 potions of brilliance
 O - 2 potions of magic
 P - 3 potions of haste
 R - 23 potions of curing {@q1}
 S - a potion of flight
 X - 2 potions of invisibility
Miscellaneous
 L - 2 boxes of beasts
 V - 7 sacks of spiders
 W - a lamp of fire
Comestibles
 f - 27 bread rations
 g - 14 royal jellies
 t - 14 meat rations
 w - 42 fruits


   Skills:
 O Level 27 Fighting
 - Level 18.2 Axes
 - Level 13.2 Throwing
 + Level 20.0 Armour
 - Level 12.5 Dodging
 - Level 12.2 Stealth
 - Level 15.2 Shields
 - Level 11.1 Invocations
 - Level 16.0 Evocations


You had 21 spell levels left.
You knew the following spells:

 Your Spells              Type           Power        Failure   Level  Hunger
a - Animate Skeleton      Necr           N/A          100%        1    ##.....
b - Regeneration          Chrm/Necr      #.........   100%        3    ####...
c - Apportation           Tloc           #.....       100%        1    ##.....


Dungeon Overview and Level Annotations

Branches:
Dungeon (15/15)            Temple (1/1) D:4            Lair (6/6) D:8
 Shoals (4/4) Lair:3       Spider (4/4) Lair:4        Slime (0/5) Lair:6
    Orc (2/2) D:9             Elf (3/3) Orc:2        Vaults (5/5) D:13
  Crypt (0/3) Vaults:3     Depths (5/5) D:15            Zot (5/5) Depths:5

Altars:
Ashenzari
Cheibriados
Dithmenos
Elyvilon
Fedhas
Hepliaklqana
Kikubaaqudgha
Makhleb
Nemelex Xobeh
Okawaru
Uskayaw
Vehumet
Wu Jian
Xom
Yredelemnul
Zin
Beogh

Shops:
D:4 :   D:13 =%   Orc:2 ?!}[   Shoals:2 !!!*(   Vaults:1 [   Vaults:3 !
Vaults:5 ?   Depths:1 [   Depths:2 (   Depths:3 %}?   Depths:4 ?=*(

Portals:
Hell: Depths:1 Depths:2 Depths:3 Depths:4 Depths:5
Abyss: Depths:2 Depths:4 Depths:5
Pandemonium: Depths:2 Depths:3
Ziggurat: Depths:5

Annotations:
D:2 Sigmund
D:4 MaceMeetFace's ghost, novice HuGl
D:5 exclusion: 3 doors
D:10 exclusions: ogre and two-headed ogre
Spider:4 2 exclusions
Depths:1 exclusions: 2 hell hounds and 2 more exclusions
Depths:5 exclusions: floating eye and 3 more exclusions
Zot:1 32 runed doors


Innate Abilities, Weirdness & Mutations

You cannot wear boots.
Your serpentine skin is tough. (AC +9)
You have supernaturally acute eyesight. (SInv)
Armour fits poorly on your strangely shaped body.
Your system is resistant to poisons. (rPois)
You cover ground very slowly.
You have a slow metabolism.
You can spit poison.
You can use your snake-like lower body to constrict enemies.
You possess an exceptional clarity of mind.
Your body sometimes deteriorates upon taking damage.
You are dopey. (Int -2)
Your magical capacity is low. (-10% MP)
You passively map a small area around you.
You occasionally shout uncontrollably at your foes.
You expend magic power (3 MP) to strengthen your wands.


Message History

Okawaru accepts your kill. You block the hobgoblin's attack.
You slice the hobgoblin!!
You kill the hobgoblin!
No target in view!
No target in view!
(D) Dungeon (T) Temple (L) Lair (A) Shoals (N) Spider Nest (M) Slime Pits (O) Orcish Mines (E) Elven Halls (V) Vaults (C) Crypt (U) Depths (H) Hell (Z) Zot
Where to? (Enter - D:1, ? - help)
There is a stone staircase leading up here.
You climb upwards.
Level annotation: Sigmund
There is a stone staircase leading down here.
There is a stone staircase leading up here.
You climb upwards.
There is a stone staircase leading down here.
There is a staircase leading out of the dungeon here.
You have escaped!

.############........###.......#.
.#########...........###.......#.
.........#...........#.........#.
.........#...........#.........#.
...............#.....#.........#.
.........####......###.........#.
.........###..#'##..##......#+###
####.......(.##.###.##.##........
####.....##..'.>@.+.##.####......
......#......##.###......##......
........≈≈≈≈..#'##..§≈≈≈..#.)....
.......≈≈≈≈≈≈......≈≈≈≈≈≈.#......
...###.≈≈≈≈≈≈.....§§≈≈≈≈§........
...# #.≈≈≈≈≈≈......≈§≈≈§≈..##'###
...# #..≈≈≈≈....#...≈≈≈≈...#.....
...####.......#..........###.....
........#########.......## #.....


There were no monsters in sight!

Vanquished Creatures
  3 pandemonium lords
  A seraph (Zot:4)
  5 orbs of fire
  4 ancient liches
  2 juggernauts
  Margery (Depths:4)
  Saint Roka (Vaults:1)
  2 Killer Klowns (Zot:5)
  2 curse toes (Zot:5)
  Bai Suzhen (Depths:1)
  10 golden dragons
  Nikola (Spider:1)
  A bone dragon (Depths:5)
  Jorgrun (Elf:3)
  A Tzitzimitl (D:11)
  3 electric golems
  A Brimstone Fiend (Depths:5)
  The ghost of Sharkman1231 the Marksdemonspawn, an adept DsAs of Kikubaaqudgha (Vaults:2)
  22 tentacled monstrosities
  24 Orb Guardians
  5 titans
  2 Ice Fiends
  2 deep elf blademasters (Elf:3)
  11 liches
  10 quicksilver dragons
  2 deep elf master archers (Elf:3)
  3 sphinxes
  Frances (D:14)
  A tentacled starspawn (Abyss:5)
  7 death cobs
  11 shadow dragons
  9 storm dragons
  Roxanne (Elf:2)
  5 draconian monks
  Ilsuiw (Shoals:4)
  6 draconian knights
  10 tengu reavers
  12 fire giants
  11 frost giants
  4 deep elf sorcerers
  5 ghost moths
  An iron dragon (Depths:3)
  Aizul (Spider:1)
  Louise (Elf:2)
  16 vault wardens
  3 emperor scorpions (Spider:4)
  7 draconian stormcallers
  7 draconian scorchers
  The ghost of JanusIIV the Severer, a journeyman DsBe of Trog (Elf:2)
  8 draconian shifters
  A balrug (Zot:4)
  An angel (Zot:4)
  A ghost moth (shapeshifter) (Vaults:5)
  10 deep elf elementalists
  A cacodemon (Abyss:5)
  11 very ugly things
  2 spriggan defenders
  16 ironheart preservers
  10 draconian annihilators
  2 war gargoyles
  10 green draconians
  7 entropy weavers
  4 vampire knights
  30 stone giants
  6 spark wasps
  13 deep elf demonologists
  8 white draconians
  10 deep elf annihilators
  21 red draconians
  20 black draconians
  A dire elephant (Lair:3)
  8 yellow draconians
  8 purple draconians
  7 deep elf death magi
  9 merfolk javelineers
  A green death (Depths:3)
  30 ettins
  2 crystal guardians (Vaults:3)
  6 merfolk impalers (Shoals:4)
  A minotaur (Lab)
  4 deep elf high priests
  17 great orbs of eyes
  9 fire dragons
  23 ogre magi
  15 yaktaur captains
  5 rakshasas
  7 hydras
  13 ice dragons
  3 spriggan air magi
  2 merfolk avatars
  34 vault guards
  4 centaur warriors
  4 death knights
  A death yak (Lair:5)
  2 alligator snapping turtles
  A two-headed ogre (shapeshifter) (Vaults:5)
  26 dancing weapons
  A queen ant (Lair:3)
  2 vampire magi (Depths:2)
  75 two-headed ogres
  9 merfolk aquamancers
  3 satyrs
  6 tengu warriors
  11 deep troll shamans
  11 deep troll earth magi
  3 thrashing horrors (Abyss:5)
  7 spriggan berserkers
  3 sun demons
  Sonja (Lair:3)
  14 deep elf knights
  A fire crab (shapeshifter) (Vaults:1)
  A soul eater (Depths:1)
  A skeletal warrior (Vaults:4)
  3 shadow wraiths
  10 iron trolls
  A salamander mystic (Depths:1)
  A death drake (shapeshifter) (Vaults:1)
  3 sixfirhies
  20 hell knights
  7 sea snakes
  5 unseen horrors
  33 deep trolls
  5 wizards
  8 deep elf archers
  4 flayed ghosts
  2 glowing orange brains
  16 ironbrand convokers
  5 phantasmal warriors
  8 large abominations
  A shadow dragon zombie (Vaults:4)
  14 orc knights
  21 harpies
  38 ugly things
  18 necromancers
  13 orc sorcerers
  17 orb spiders
  85 deep elf magi
  A frost giant zombie (Vaults:2)
  36 wolf spiders
  25 manticores
  4 cyclopes
  2 rust devils
  9 fauns
  38 moths of wrath
  2 human skeletons
  4 centaur zombies
  2 salamanders (Depths:1)
  2 black mambas
  6 orange demons
  A spriggan zombie (Depths:1)
  22 elephants
  A naga mage (D:15)
  13 merfolk sirens
  7 water nymphs
  A stone giant skeleton (Vaults:4)
  16 vault sentinels
  A gargoyle (D:10)
  An ice statue (IceCv)
  21 spiny frogs
  3 smoke demons
  An eye of devastation (Abyss:5)
  10 demonic crawlers
  A kobold demonologist (D:12)
  3 rime drakes
  A torpor snail (Spider:1)
  2 human zombies (Vaults:4)
  9 freezing wraiths
  8 komodo dragons
  The ghost of asss the Chiller, a novice OpIE (D:5)
  6 efreet
  49 yaktaurs
  2 golden dragon simulacra (IceCv)
  A minotaur zombie (Lab)
  9 ice devils
  3 anaconda simulacra (IceCv)
  4 red devils
  7 hellwings
  2 ancient zymes (Abyss:5)
  13 trolls
  A jumping spider (shapeshifter) (Vaults:1)
  38 jumping spiders
  3 meliai (D:14)
  A queen bee (shapeshifter) (Depths:4)
  7 tengu conjurers
  A harpy zombie (Vaults:1)
  2 polar bears (Lair:2)
  41 merfolk
  17 hornets
  A hornet (shapeshifter) (Depths:1)
  2 raiju (shapeshifter)
  8 wind drakes
  2 wind drakes (shapeshifter) (Depths:2)
  A shadow dragon simulacrum (Vaults:4)
  5 tyrant leeches (Lair:6)
  2 raiju (Abyss:5)
  27 blink frogs
  A hippogriff (shapeshifter) (Depths:4)
  A blink frog (shapeshifter) (D:13)
  9 hippogriffs
  An iron dragon simulacrum (Depths:1)
  33 slime creatures
  2 deep troll zombies (Depths:1)
  12 dream sheep
  A snapping turtle (shapeshifter) (Depths:1)
  65 redbacks
  8 spriggans
  8 snapping turtles
  A fire dragon skeleton (Depths:1)
  31 tarantellas
  A ynoxinul (D:7)
  2 shadows
  7 air elementals
  2 wyverns
  A meliai zombie (D:14)
  A dire elephant simulacrum (IceCv)
  5 wraiths
  64 yaks
  2 yaks (shapeshifter)
  A human (shapeshifter) (Depths:4)
  2 fire elementals (Elf:2)
  24 water elementals
  A hungry ghost (D:12)
  A golden eye (shapeshifter) (Vaults:3)
  7 basilisks
  2 fire bats (shapeshifter)
  A steam dragon (D:12)
  A hog (shapeshifter) (Vaults:2)
  A chaos spawn (D:10)
  2 neqoxecs
  3 human simulacra
  12 vampire mosquitoes
  2 harpy simulacra (IceCv)
  10 wargs
  4 acid dragons
  4 iron troll simulacra (IceCv)
  6 soldier ants
  A floating eye (Depths:4)
  20 water moccasins
  8 porcupines
  A deep troll skeleton (Vaults:2)
  5 hydra simulacra (IceCv)
  4 ice beasts
  2 black bears
  A floating eye (shapeshifter) (Depths:4)
  35 orc warriors
  8 sky beasts
  An alligator simulacrum (IceCv)
  An eye of draining (D:15)
  An elf zombie (Vaults:2)
  3 ettin simulacra
  A black bear (shapeshifter) (D:14)
  2 phantoms
  11 necrophages
  12 boggarts
  53 ogres
  21 crocodiles
  8 centaurs
  6 wolves (Lair:4)
  10 small abominations
  6 big kobolds
  36 bullfrogs
  2 earth elementals (Elf:2)
  A wyvern skeleton (D:12)
  A water moccasin skeleton (D:5)
  10 scorpions
  An elf simulacrum (Vaults:2)
  4 killer bees (D:11)
  10 howler monkeys
  12 wights
  10 crimson imps
  2 bullfrog zombies
  A quasit (D:7)
  2 draconian simulacra (IceCv)
  5 hounds
  3 yaktaur simulacra
  A gnoll shaman (D:7)
  A jelly (D:5)
  2 bullfrog skeletons
  21 orc priests
  4 iguanas
  42 orc wizards
  15 worker ants
  A troll simulacrum (IceCv)
  A killer bee zombie (D:7)
  A wolf simulacrum (IceCv)
  2 centaur simulacra (IceCv)
  2 hound zombies
  2 hound skeletons
  A mummy (D:11)
  Robin (D:4)
  3 worker ant zombies
  13 gnolls
  13 adders
  3 naga simulacra (IceCv)
  An ogre simulacrum (IceCv)
  7 shadow imps
  10 white imps (IceCv)
  7 ufetubi (IceCv)
  An adder skeleton (D:5)
  2 worms (D:4)
  6 dart slugs
  9 leopard geckos
  124 orcs
  2 bat skeletons (D:5)
  3 bat zombies (D:5)
  6 giant cockroaches
  17 goblins
  9 hobgoblins
  7 jackals
  7 quokkas
  9 bats
  4 frilled lizards
  A jackal skeleton (D:5)
  25 kobolds
  A quokka skeleton (D:4)
  6 rats
  4 bushes
  2 crawling corpses (Elf:3)
  7 fungi
  10 plants
  A starspawn tentacle (Abyss:5)
2754 creatures vanquished.

Vanquished Creatures (collateral kills)
  A Killer Klown (Zot:5)
  A death cob (Zot:5)
2 creatures vanquished.

Vanquished Creatures (others)
  A deep elf annihilator (Elf:3)
  A deep elf knight (Elf:2)
  An unseen horror (shapeshifter) (Depths:5)
  3 moths of wrath
  A tengu conjurer (Depths:1)
  2 jumping spiders
  5 dream sheep (D:4)
  An ogre (Vaults:4)
  An orc wizard (Orc:2)
  An orc (Vaults:1)
  2 bushes
  56 fungi
  63 plants
  A starspawn tentacle (Abyss:5)
139 creatures vanquished.

Grand Total: 2895 creatures vanquished

Notes
Turn   | Place    | Note
-------+----------+-------------------------------------------
     0 | D:1      | elan the Naga Gladiator began the quest for the Orb.
     0 | D:1      | Reached XP level 1. HP: 19/19 MP: 1/1
    84 | D:1      | Reached skill level 1 in Stealth
   168 | D:1      | Reached XP level 2. HP: 20/26 MP: 2/2
   540 | D:1      | Reached XP level 3. HP: 32/32 MP: 3/3
  1217 | D:2      | Noticed Sigmund
  1228 | D:2      | Found a hazy altar of Hepliaklqana.
  1870 | D:2      | Reached XP level 4. HP: 39/39 MP: 4/4
  2002 | D:3      | Reached skill level 1 in Shields
  2397 | D:3      | Found a sparkling altar of Nemelex Xobeh.
  2440 | D:3      | Reached XP level 5. HP: 36/45 MP: 2/5
  2745 | D:3      | Reached XP level 6. HP: 52/52 MP: 6/6
  3331 | D:4      | Found Tuleik's Book Boutique.
  3522 | D:4      | Found a shimmering altar of Xom.
  3522 | D:4      | Noticed a dream sheep
  3522 | D:4      | Noticed a dream sheep
  3522 | D:4      | Noticed a dream sheep
  3522 | D:4      | Noticed a dream sheep
  3522 | D:4      | Noticed a dream sheep
  3525 | D:4      | Killed a dream sheep
  3525 | D:4      | Killed a dream sheep
  3526 | D:4      | Killed a dream sheep
  3527 | D:4      | Killed a dream sheep
  3527 | D:4      | Killed a dream sheep
  3583 | D:4      | Noticed Robin
  3598 | D:4      | Killed Robin
  3792 | D:4      | Found a snail-covered altar of Cheibriados.
  3796 | D:4      | Identified the +2 ring mail of the Soldier {rN+ rCorr} (You found it on level 4 of the Dungeon)
  3885 | D:4      | Reached XP level 7. HP: 59/60 MP: 7/7
  4087 | D:4      | Found a burning altar of Makhleb.
  4181 | D:4      | Found a staircase to the Ecumenical Temple.
  4190 | Temple   | Entered the Ecumenical Temple
  4211 | Temple   | Became a worshipper of Warmaster Okawaru
  4335 | D:4      | Noticed MaceMeetFace's ghost (novice HuGl)
  4581 | D:5      | Entered Level 5 of the Dungeon
  4762 | D:5      | Found a sparkling altar of Nemelex Xobeh.
  4854 | D:5      | Reached skill level 5 in Stealth
  4903 | D:5      | Noticed asss's ghost (novice OpIE)
  4931 | D:5      | Killed asss's ghost
  4931 | D:5      | Reached * piety under Okawaru
  4931 | D:5      | Reached XP level 8. HP: 25/67 MP: 3/8
  5202 | D:5      | Found an ornate altar of the Wu Jian Council.
  5240 | D:5      | Reached ** piety under Okawaru
  5431 | D:5      | Found an ancient bone altar of Kikubaaqudgha.
  5930 | D:6      | Found a glowing silver altar of Zin.
  5931 | D:6      | Noticed an angel
  6028 | D:6      | Reached XP level 9. HP: 70/72 MP: 9/9
  6372 | D:7      | Found a radiant altar of Vehumet.
  6879 | D:7      | Reached *** piety under Okawaru
  7421 | D:7      | Found a basalt altar of Yredelemnul.
  7985 | D:8      | Reached XP level 10. HP: 30/79 MP: 5/10
  8653 | D:8      | Found a staircase to the Lair.
  8709 | D:8      | Reached skill level 10 in Stealth
  8744 | D:8      | Reached **** piety under Okawaru
  9395 | D:8      | Noticed a two-headed ogre
  9406 | D:8      | Killed a two-headed ogre
  9406 | D:8      | Reached skill level 1 in Invocations
  9558 | D:8      | Reached skill level 3 in Fighting
 10105 | D:8      | Reached XP level 11. HP: 86/89 MP: 10/12
 10123 | D:9      | Reached ***** piety under Okawaru
 10192 | D:9      | Found a staircase to the Orcish Mines.
 10202 | D:9      | Found a roughly hewn altar of Beogh.
 10509 | D:9      | Reached skill level 15 in Axes
 10571 | D:9      | Noticed a two-headed hydra
 10576 | D:9      | Killed a one-headed hydra
 10576 | D:9      | Reached skill level 4 in Fighting
 10828 | D:9      | Found a hide-covered altar of Uskayaw.
 11009 | D:10     | Entered Level 10 of the Dungeon
 11316 | D:10     | Received a gift from Okawaru
 11461 | D:10     | Learned a level 1 spell: Animate Skeleton
 11465 | D:10     | Learned a level 3 spell: Regeneration
 11513 | D:10     | Noticed a two-headed ogre
 12101 | D:10     | Reached skill level 5 in Fighting
 12107 | D:10     | Learned a level 1 spell: Apportation
 12524 | D:10     | Noticed a two-headed ogre
 12536 | D:10     | Killed a two-headed ogre
 12536 | D:10     | Reached skill level 5 in Invocations
 12973 | D:11     | Reached XP level 12. HP: 99/102 MP: 13/15
 13363 | D:12     | Reached skill level 6 in Fighting
 13545 | D:12     | Found an ancient bone altar of Kikubaaqudgha.
 13840 | D:12     | Noticed an eight-headed hydra
 14209 | D:12     | Killed a one-headed hydra
 14378 | Lair:1   | Entered Level 1 of the Lair of Beasts
 14379 | Lair:1   | Identified a scroll of acquirement
 14444 | Lair:1   | Found a labyrinth entrance.
 14455 | Lab      | Entered a labyrinth
 14693 | Lab      | Noticed a minotaur
 14716 | Lab      | Killed a minotaur
 15563 | Lair:1   | Received a gift from Okawaru
 15566 | Lair:1   | Got an ichor-stained plate armour {god gift}
 15771 | Lair:1   | Identified the +9 plate armour "Ugeorrill" {rN+ Str-4 Dex+4 Stlth-} (Okawaru gifted it to you on level 1 of the Lair of Beasts)
 15861 | Lair:1   | Reached skill level 7 in Fighting
 17116 | Lair:2   | Gained mutation: You can use your snake-like lower body to constrict enemies. [Naga growth]
 17116 | Lair:2   | Reached XP level 13. HP: 115/115 MP: 18/18
 17147 | Lair:2   | Reached skill level 8 in Fighting
 18117 | Lair:3   | Found a staircase to the Shoals.
 18196 | Lair:3   | Noticed Sonja
 18201 | Lair:3   | Killed Sonja
 18201 | Lair:3   | Reached skill level 5 in Shields
 18361 | D:7      | Reached skill level 9 in Fighting
 18374 | D:7      | Received a gift from Okawaru
 18789 | Lair:3   | Reached skill level 1 in Armour
 19130 | Lair:3   | Noticed a dire elephant
 19162 | Lair:3   | Killed a dire elephant
 20187 | Lair:4   | Found a white marble altar of Elyvilon.
 20299 | Lair:4   | Found a hole to the Spider Nest.
 20351 | Lair:4   | Received a gift from Okawaru
 20755 | Lair:4   | Reached XP level 14. HP: 116/127 MP: 16/19
 21651 | Lair:6   | Entered Level 6 of the Lair of Beasts
 21699 | Lair:6   | Received a gift from Okawaru
 22236 | Lair:6   | Found a staircase to the Slime Pits.
 22256 | Lair:6   | Received a gift from Okawaru
 23055 | Orc:1    | Entered Level 1 of the Orcish Mines
 23075 | Orc:1    | Reached ****** piety under Okawaru
 23075 | Orc:1    | Received a gift from Okawaru
 23076 | Orc:1    | Got a steaming naga barding {god gift}
 23236 | D:9      | Identified the +0 naga barding "Erogg" {Stlth+} (Okawaru gifted it to you on level 1 of the Orcish Mines)
 23578 | Orc:2    | Entered Level 2 of the Orcish Mines
 23583 | Orc:2    | Reached skill level 10 in Shields
 23594 | Orc:2    | Reached XP level 15. HP: 125/133 MP: 18/20
 24048 | Orc:2    | Found Fompopn's Magic Scroll Boutique.
 24339 | Orc:2    | Found a radiant altar of Vehumet.
 24377 | Orc:2    | Found an ancient bone altar of Kikubaaqudgha.
 24407 | Orc:2    | Found Heceusy's Antique Armour Shop.
 24455 | Orc:2    | Bought a scroll of teleportation for 30 gold pieces
 24467 | Orc:2    | Bought a scroll of magic mapping for 35 gold pieces
 24467 | Orc:2    | Bought a scroll of magic mapping for 35 gold pieces
 24467 | Orc:2    | Bought a scroll of identify for 20 gold pieces
 24467 | Orc:2    | Bought a scroll of fog for 20 gold pieces
 24519 | Orc:2    | Found Ubichaus's Gadget Boutique.
 24519 | Orc:2    | Found a roughly hewn altar of Beogh.
 24550 | Orc:2    | Gained mutation: Your body sometimes deteriorates upon taking damage. [a neqoxec]
 24808 | Orc:2    | Found Yqohygisor's Distillery.
 24835 | Orc:2    | Bought a potion of curing for 51 gold pieces
 24835 | Orc:2    | Bought a potion of curing for 51 gold pieces
 24835 | Orc:2    | Bought a potion of heal wounds for 85 gold pieces
 24835 | Orc:2    | Bought a potion of heal wounds for 85 gold pieces
 24899 | Orc:2    | Found a staircase to the Elven Halls.
 26015 | D:13     | Found a blossoming altar of Fedhas.
 26306 | D:13     | Found a gate to the Vaults.
 26544 | D:13     | Received a gift from Okawaru
 26624 | D:13     | Found Neqoc's Jewellery Shoppe.
 26827 | D:13     | Found Nusyllel's Food Shop.
 27032 | D:14     | Noticed Frances
 27050 | D:14     | Killed Frances
 27065 | D:14     | Received a gift from Okawaru
 27508 | D:14     | Reached XP level 16. HP: 144/144 MP: 21/21
 27830 | D:15     | Entered Level 15 of the Dungeon
 28285 | D:15     | Received a gift from Okawaru
 28616 | D:15     | Found a staircase to the Depths.
 29648 | Spider:1 | Entered Level 1 of the Spider Nest
 29663 | Spider:1 | Noticed Aizul
 29681 | Spider:1 | Killed Aizul
 29683 | Spider:1 | Lost mutation: Your body sometimes deteriorates upon taking damage. [potion of mutation]
 29683 | Spider:1 | Gained mutation: You possess an exceptional clarity of mind. [potion of mutation]
 29683 | Spider:1 | Gained mutation: You passively map a small area around you. [potion of mutation]
 29986 | Spider:1 | Received a gift from Okawaru
 29994 | Spider:1 | Got a jet-encrusted crystal plate armour {god gift}
 30132 | Spider:1 | Identified the +14 crystal plate armour of Okawaru's Hope {Int+4} (Okawaru gifted it to you on level 1 of the Spider Nest)
 30251 | Spider:1 | Noticed Nikola
 30278 | Spider:1 | Killed Nikola
 30278 | Spider:1 | Reached skill level 15 in Shields
 30290 | Spider:1 | Got a faintly humming cloak
 30318 | Spider:1 | Identified the +1 cloak of the Blizzard {+Blink rElec Regen+ Stlth-} (You found it on level 1 of the Spider Nest)
 30765 | Spider:2 | Found a frozen archway.
 30781 | IceCv    | Entered an ice cave
 31316 | IceCv    | Noticed an Ice Fiend
 31330 | IceCv    | Killed an Ice Fiend
 31330 | IceCv    | Reached XP level 17. HP: 95/152 MP: 12/22
 31527 | IceCv    | Got a steaming hat
 31538 | IceCv    | Identified the +0 hat "Conn" {rN+ MR+ Regen+ Int-3} (You found it in an ice cave)
 31549 | IceCv    | Identified the Volume of Shape Shifting and Unholy Magic
 31776 | Spider:2 | Reached skill level 10 in Fighting
 32446 | Spider:3 | Received a gift from Okawaru
 32457 | Spider:3 | Got a spiked naga barding {god gift}
 32468 | Spider:3 | Identified the +0 naga barding of the Evening Star {rElec MR- Str+6} (Okawaru gifted it to you on level 3 of the Spider Nest)
 32687 | Spider:3 | Reached skill level 5 in Armour
 33059 | Spider:4 | Entered Level 4 of the Spider Nest
 33108 | Spider:4 | Reached skill level 11 in Fighting
 33423 | Spider:4 | Paralysed by a hornet for 1 turns
 33648 | Spider:4 | Reached skill level 12 in Fighting
 33675 | Spider:4 | Received a gift from Okawaru
 33677 | Spider:4 | Paralysed by a hornet for 3 turns
 33860 | Spider:4 | Reached XP level 18. HP: 169/169 MP: 23/23
 33894 | Spider:4 | Got a gossamer rune of Zot
 34122 | Shoals:1 | Entered Level 1 of the Shoals
 34772 | Shoals:2 | Found Fagha's Distillery.
 34820 | Shoals:2 | Reached skill level 13 in Fighting
 34829 | Shoals:2 | Bought a potion of heal wounds for 85 gold pieces
 34884 | Shoals:2 | Found Cimmubb's Antique Weapon Emporium.
 34886 | Shoals:2 | Found Eptadu's General Store.
 35386 | Shoals:2 | Found a shimmering altar of Xom.
 35486 | Shoals:2 | Found Luwako Oteud's Distillery.
 35490 | Shoals:2 | Found Hyexisen's Distillery.
 35494 | Shoals:2 | Bought a potion of heal wounds for 65 gold pieces
 35494 | Shoals:2 | Bought a potion of heal wounds for 65 gold pieces
 35494 | Shoals:2 | Bought a potion of heal wounds for 65 gold pieces
 35494 | Shoals:2 | Bought a potion of cancellation for 104 gold pieces
 35494 | Shoals:2 | Bought a potion of invisibility for 104 gold pieces
 35504 | Shoals:2 | Bought a potion of curing for 36 gold pieces
 35504 | Shoals:2 | Bought 2 potions of curing for 72 gold pieces
 35504 | Shoals:2 | Bought a potion of resistance for 120 gold pieces
 35504 | Shoals:2 | Bought 2 potions of haste for 240 gold pieces
 35504 | Shoals:2 | Bought 2 potions of resistance for 240 gold pieces
 35914 | Shoals:3 | Received a gift from Okawaru
 36103 | Shoals:4 | Entered Level 4 of the Shoals
 36117 | Shoals:4 | Reached skill level 14 in Fighting
 36136 | Shoals:4 | Reached skill level 10 in Armour
 36455 | Shoals:4 | Reached XP level 19. HP: 105/183 MP: 9/24
 36495 | Shoals:4 | Got a barnacled rune of Zot
 36654 | Shoals:4 | Noticed Ilsuiw
 36679 | Shoals:4 | Received a gift from Okawaru
 36701 | Shoals:4 | Killed Ilsuiw
 36709 | Shoals:4 | Got an ichor-stained scale mail {god gift}
 36717 | Shoals:4 | Identified the +0 scale mail of the Lair of Beasts {rF+} (Okawaru gifted it to you on level 4 of the Shoals)
 36835 | Shoals:4 | Reached skill level 15 in Fighting
 37274 | Elf:1    | Entered Level 1 of the Elven Halls
 37546 | Elf:1    | Identified Jorim's Tome of the Entourage
 38255 | Elf:2    | Reached skill level 5 in Dodging
 38269 | Elf:2    | Found a runed gate.
 38269 | Elf:2    | Found a runed gate.
 38270 | Elf:2    | Found a runed gate.
 38290 | Elf:2    | Noticed Louise
 38295 | Elf:2    | Reached skill level 16 in Fighting
 38300 | Elf:2    | Received a gift from Okawaru
 38311 | Elf:2    | Killed Louise
 38344 | Elf:2    | Reached XP level 20. HP: 176/196 MP: 19/25
 38352 | Elf:2    | Reached XP level 21. HP: 191/205 MP: 20/26
 38390 | Elf:2    | Noticed Roxanne
 38603 | Elf:2    | Noticed JanusIIV's ghost (journeyman DsBe)
 38634 | Elf:2    | Killed JanusIIV's ghost
 38657 | Elf:2    | Killed Roxanne
 38658 | Elf:2    | Identified Roxanne's Collected Works on Transmutation (You took it off Roxanne on level 2 of the Elven Halls)
 38815 | Elf:2    | Reached XP level 22. HP: 200/216 MP: 27/27
 38871 | Elf:2    | Received a gift from Okawaru
 38882 | Elf:2    | Got a dazzling naga barding {god gift}
 38890 | Elf:2    | Identified the +3 naga barding of Zeprah {Regen+} (Okawaru gifted it to you on level 2 of the Elven Halls)
 39397 | Vaults:1 | Entered Level 1 of the Vaults
 39592 | Vaults:1 | Reached skill level 17 in Fighting
 40219 | Vaults:1 | Found Feuquet's Armour Boutique.
 40395 | Vaults:1 | Noticed Saint Roka
 40424 | Vaults:1 | Killed Saint Roka
 40424 | Vaults:1 | Reached skill level 18 in Fighting
 40704 | Vaults:1 | Received a gift from Okawaru
 40757 | Vaults:1 | Got a bloodstained troll leather armour {god gift}
 40758 | Vaults:1 | Identified the +0 troll leather armour of Fashionability {MR+ Regen+} (Okawaru gifted it to you on level 1 of the Vaults)
 41834 | Vaults:2 | Noticed Sharkman1231's ghost (adept DsAs)
 41852 | Vaults:2 | Killed Sharkman1231's ghost
 42145 | Vaults:2 | Reached skill level 19 in Fighting
 42424 | Vaults:3 | Reached XP level 23. HP: 232/232 MP: 28/28
 42583 | Vaults:3 | Identified the +2 ring mail of the Lily {rN+ Str+2} (You found it on level 3 of the Vaults)
 42789 | Vaults:3 | Found a staircase to the Crypt.
 42881 | Vaults:3 | Received a gift from Okawaru
 42996 | Vaults:3 | Found Oheku's Distillery.
 43001 | Vaults:3 | Bought a potion of haste for 170 gold pieces
 43001 | Vaults:3 | Bought a potion of curing for 51 gold pieces
 43001 | Vaults:3 | Bought a potion of resistance for 170 gold pieces
 43001 | Vaults:3 | Bought a potion of curing for 51 gold pieces
 43741 | Vaults:4 | Received a gift from Okawaru
 43958 | Vaults:4 | Reached skill level 5 in Throwing
 44164 | Vaults:4 | Reached skill level 20 in Fighting
 44747 | Vaults:4 | Received a gift from Okawaru
 45027 | Vaults:4 | Reached XP level 24. HP: 246/246 MP: 28/28
 45645 | Depths:1 | Entered Level 1 of the Depths
 45991 | Depths:1 | Received a gift from Okawaru
 46182 | Depths:1 | Found a gateway to Hell.
 46219 | Depths:1 | Reached skill level 21 in Fighting
 46246 | Depths:1 | Got a faintly glowing steel ring
 46248 | Depths:1 | Identified the ring "Wages" {+Fly rF++ rC+ Str-5 Dex+3} (You acquired it on level 1 of the Depths)
 46290 | Depths:1 | Noticed Bai Suzhen
 46317 | Depths:1 | Killed Bai Suzhen
 46343 | Depths:1 | Received a gift from Okawaru
 46502 | Depths:1 | Found Uklot's Antique Armour Shop.
 46986 | Depths:2 | Noticed a juggernaut
 47012 | Depths:2 | Killed a juggernaut
 47017 | Depths:2 | Received a gift from Okawaru
 47251 | Depths:2 | Found a one-way gate leading to the halls of Pandemonium.
 47327 | Depths:2 | Received a gift from Okawaru
 47486 | Depths:2 | Found a one-way gate to the infinite horrors of the Abyss.
 47543 | Depths:2 | Reached XP level 25. HP: 259/259 MP: 28/28
 47638 | Depths:2 | Reached skill level 22 in Fighting
 47645 | Depths:2 | Received a gift from Okawaru
 47783 | Depths:2 | Found Viymudde's Antique Weapon Shoppe.
 47868 | Depths:2 | Found a portal to a secret trove of treasure.
 48034 | Depths:2 | Received a gift from Okawaru
 48552 | Depths:2 | You paid a toll of 5 potions of resistance to enter a treasure trove
 48553 | Trove    | Entered a treasure trove
 48569 | Trove    | Got a blackened cloak
 48571 | Trove    | Got a jewelled cloak
 48583 | Trove    | Got a dazzling naga barding
 48600 | Trove    | Identified the +4 cloak "Soeza Ose" {rN+ Slay+6} (You found it in a treasure trove)
 48610 | Trove    | Identified the +4 naga barding "Fiameul" {rN+ Int+6 Dex-2} (You found it in a treasure trove)
 48626 | Trove    | Identified the -5 cloak of the Iron Devil {-Tele rPois rN+ Int+5} (You found it in a treasure trove)
 48644 | Trove    | Got a crude naga barding
 48655 | Trove    | Identified the +1 naga barding "Pumephuph" {*Corrode rF+ Regen+} (You found it in a treasure trove)
 48693 | Trove    | Got a pair of translucent gloves
 48704 | Trove    | Identified the +1 pair of gloves of the Hall of Blades {Int+3 Dex+6 Slay+2} (You found it in a treasure trove)
 49007 | Depths:3 | Reached skill level 10 in Throwing
 49272 | Depths:3 | Found Muobrecw's Gadget Boutique.
 49396 | Depths:3 | Received a gift from Okawaru
 49635 | Depths:3 | Found Sikhlu's Magic Scroll Shoppe.
 49640 | Depths:3 | Bought a scroll of fear for 59 gold pieces
 49640 | Depths:3 | Bought a scroll of teleportation for 51 gold pieces
 49946 | Depths:3 | Found Aqoent's Food Emporium.
 50216 | Depths:4 | Noticed Margery
 50233 | Depths:4 | Reached skill level 10 in Dodging
 50237 | Depths:4 | Killed Margery
 50243 | Depths:4 | Reached skill level 23 in Fighting
 50430 | Depths:4 | Found Zomelo's Jewellery Emporium.
 50460 | Depths:4 | Found Amei's Weapon Shoppe.
 50460 | Depths:4 | Found Ycsigen's Magic Scroll Emporium.
 50466 | Depths:4 | Found Itsu's General Store.
 50469 | Depths:4 | Bought a scroll of enchant armour for 97 gold pieces
 50469 | Depths:4 | Bought a scroll of teleportation for 39 gold pieces
 50469 | Depths:4 | Bought a scroll of fog for 26 gold pieces
 50793 | Depths:4 | Received a gift from Okawaru
 50808 | Depths:4 | Got a shimmering crystal plate armour {god gift}
 50819 | Depths:4 | Identified the +15 crystal plate armour of Eternal Night {rF++ Regen+ SInv} (Okawaru gifted it to you on level 4 of the Depths)
 51027 | Depths:4 | Reached XP level 26. HP: 274/274 MP: 9/28
 51170 | Depths:4 | Paralysed by a floating eye for 3 turns
 51180 | Depths:4 | Paralysed by a floating eye for 2 turns
 51717 | Depths:5 | Entered Level 5 of the Depths
 51801 | Depths:5 | Found a sparkling altar of Nemelex Xobeh.
 51850 | Depths:5 | Found a gateway to a ziggurat.
 51958 | Depths:5 | Found a gate to the Realm of Zot.
 51998 | Depths:5 | Received a gift from Okawaru
 52146 | Depths:5 | Received a gift from Okawaru
 52206 | Depths:5 | Noticed a juggernaut
 52225 | Depths:5 | Killed a juggernaut
 52225 | Depths:5 | Reached skill level 24 in Fighting
 52390 | Depths:5 | Received a gift from Okawaru
 53302 | Elf:3    | Entered Level 3 of the Elven Halls
 53398 | Elf:3    | Noticed Jorgrun
 53411 | Elf:3    | Killed Jorgrun
 54083 | Elf:3    | Received a gift from Okawaru
 54360 | Elf:3    | Received a gift from Okawaru
 54491 | Elf:3    | Reached XP level 27. HP: 287/287 MP: 9/28
 54701 | Elf:3    | Got a serpentine platinum ring
 54834 | Elf:3    | Got a slimy wooden ring
 54835 | Elf:3    | Identified the ring "Edelus" {rElec rN++ Str+3 Int-4 Dex+3} (You took it off a deep elf master archer on level 3 of the Elven Halls)
 54836 | Elf:3    | Identified the ring "Kujor" {Ice rElec rN+ Int+5} (You found it on level 3 of the Elven Halls)
 55100 | Vaults:1 | Reached skill level 25 in Fighting
 55214 | Vaults:3 | Reached skill level 1 in Evocations
 55276 | Vaults:5 | Entered Level 5 of the Vaults
 55581 | Vaults:5 | Reached skill level 5 in Evocations
 55744 | Vaults:5 | Received a gift from Okawaru
 55762 | Vaults:5 | Got a scorched steel ring
 55846 | Vaults:5 | Identified the ring "Jenodek" {rF+ rN+ Dex+2 SInv} (You took it off a deep elf annihilator on level 5 of the Vaults)
 55962 | Vaults:5 | Reached skill level 26 in Fighting
 56169 | Vaults:5 | Identified the Volume of Poisoning and Good Luck
 56203 | Vaults:5 | Noticed an ancient lich
 56223 | Vaults:5 | Killed an ancient lich
 56223 | Vaults:5 | Received a gift from Okawaru
 56233 | Vaults:5 | Found Erghuprelab's Magic Scroll Emporium.
 56242 | Vaults:5 | Identified the Volume of Stones and Flames
 56248 | Vaults:5 | Bought a scroll of teleportation for 63 gold pieces
 56248 | Vaults:5 | Bought a scroll of fog for 42 gold pieces
 56248 | Vaults:5 | Bought a scroll of teleportation for 63 gold pieces
 56248 | Vaults:5 | Bought a scroll of summoning for 199 gold pieces
 56248 | Vaults:5 | Bought a scroll of summoning for 199 gold pieces
 56526 | Vaults:5 | Got a silver rune of Zot
 57001 | Zot:1    | Entered Level 1 of the Realm of Zot
 57037 | Zot:1    | Received a gift from Okawaru
 57508 | Zot:1    | Received a gift from Okawaru
 57522 | Zot:1    | Found a huge runed gate.
 57523 | Zot:1    | Found a huge runed gate.
 57524 | Zot:1    | Found a huge runed gate.
 57525 | Zot:1    | Found a huge runed gate.
 57526 | Zot:1    | Found a huge runed gate.
 57527 | Zot:1    | Found a huge runed gate.
 57528 | Zot:1    | Found a huge runed gate.
 57529 | Zot:1    | Found a huge runed gate.
 57531 | Zot:1    | Found a huge runed gate.
 57589 | Zot:1    | Reached skill level 27 in Fighting
 57599 | Zot:1    | Found a huge runed gate.
 57599 | Zot:1    | Found a huge runed gate.
 57601 | Zot:1    | Found a huge runed gate.
 57601 | Zot:1    | Found a huge runed gate.
 57601 | Zot:1    | Found a huge runed gate.
 57601 | Zot:1    | Found a huge runed gate.
 57601 | Zot:1    | Found a huge runed gate.
 57602 | Zot:1    | Found a huge runed gate.
 57611 | Zot:1    | Found a huge runed gate.
 57611 | Zot:1    | Found a huge runed gate.
 57611 | Zot:1    | Found a huge runed gate.
 57640 | Zot:1    | Reached skill level 10 in Evocations
 57769 | Zot:1    | Found a huge runed gate.
 57769 | Zot:1    | Found a huge runed gate.
 57931 | Zot:1    | Found a huge runed gate.
 57943 | Zot:1    | Found a huge runed gate.
 57946 | Zot:1    | Found a huge runed gate.
 57949 | Zot:1    | Found a huge runed gate.
 57953 | Zot:1    | Found a huge runed gate.
 57953 | Zot:1    | Found a huge runed gate.
 57954 | Zot:1    | Found a huge runed gate.
 57958 | Zot:1    | Found a huge runed gate.
 58051 | Zot:1    | Found a huge runed gate.
 58052 | Zot:1    | Found a huge runed gate.
 58756 | Zot:2    | Received a gift from Okawaru
 58930 | Zot:2    | Cast into level 5 of the Abyss (a Zot trap)
 58930 | Abyss:5  | Entered Level 5 of the Abyss
 58941 | Zot:2    | Escaped the Abyss
 59430 | Zot:3    | Reached skill level 15 in Evocations
 59815 | Zot:3    | Noticed an orb of fire
 59849 | Zot:3    | Killed an orb of fire
 60073 | Zot:3    | Identified the ring of the Many Stars {rElec MR+ AC+2 Str+3} (You acquired it on level 3 of the Realm of Zot)
 60116 | Zot:3    | Cast into level 5 of the Abyss (the power of Zot)
 60116 | Abyss:5  | Entered Level 5 of the Abyss
 60198 | Abyss:5  | Gained mutation: Your magical capacity is low. (-10% MP) [a cacodemon]
 60201 | Abyss:5  | Received a gift from Okawaru
 60224 | Abyss:5  | Found a corrupted altar of Lugonu.
 60226 | Zot:3    | Escaped the Abyss
 60649 | Zot:4    | Reached skill level 10 in Invocations
 61120 | Zot:4    | Received a gift from Okawaru
 61199 | Zot:4    | Received a gift from Okawaru
 61199 | Zot:4    | Reached skill level 15 in Armour
 61207 | Zot:4    | Identified the +6 broad axe of Siminnud {freeze, MR+ Int+4} (Okawaru gifted it to you on level 4 of the Realm of Zot)
 61485 | Zot:5    | Entered Level 5 of the Realm of Zot
 62169 | Zot:5    | Received a gift from Okawaru
 62261 | Zot:5    | Noticed an orb of fire
 62267 | Zot:5    | Gained mutation: You occasionally shout uncontrollably at your foes. [an orb of fire]
 62274 | Zot:5    | Gained mutation: You are dopey. (Int -2) [an orb of fire]
 62296 | Zot:5    | Killed an orb of fire
 62531 | Zot:5    | Noticed an orb of fire
 62552 | Zot:5    | Killed an orb of fire
 62552 | Zot:5    | Received a gift from Okawaru
 62554 | Zot:5    | Noticed an orb of fire
 62570 | Zot:5    | Killed an orb of fire
 62578 | Zot:5    | Noticed an ancient lich
 62587 | Zot:5    | Killed an ancient lich
 62634 | Zot:5    | Received a gift from Okawaru
 62668 | Zot:5    | Received a gift from Okawaru
 62711 | Zot:5    | Noticed an ancient lich
 62717 | Zot:5    | Noticed an ancient lich
 62728 | Zot:5    | Killed an ancient lich
 62728 | Zot:5    | Received a gift from Okawaru
 62733 | Zot:5    | Killed an ancient lich
 62769 | Zot:5    | Got the Orb of Zot
 62810 | Zot:5    | Noticed an orb of fire
 62812 | Zot:5    | Gained mutation: Your body sometimes deteriorates upon taking damage. [an orb of fire]
 62822 | Zot:5    | Killed an orb of fire
 62899 | Zot:4    | Noticed a seraph
 62917 | Zot:4    | Killed a seraph
 63022 | Zot:2    | Noticed Ferph the pandemonium lord
 63145 | Depths:2 | Noticed Kyvip the pandemonium lord
 63172 | Depths:2 | Killed Kyvip the pandemonium lord
 63172 | Depths:2 | Received a gift from Okawaru
 63301 | D:13     | Gained mutation: You expend magic power (3 MP) to strengthen your wands. [a neqoxec]
 63307 | D:13     | Noticed Koemasoh the pandemonium lord
 63342 | D:11     | Noticed Moos Ucy the pandemonium lord
 63377 | D:11     | Killed Moos Ucy the pandemonium lord
 63507 | D:7      | Noticed Pavakk the pandemonium lord
 63524 | D:7      | Killed Pavakk the pandemonium lord
 63657 | D:$      | Escaped with the Orb!

Vault maps used:
D:1:      dpeg_arrival_pits
D:2:      nicolae_overflow_hidden_temple, minmay_misc_feat_alley, uniq_sigmund
D:3:      lemuel_round_altar
D:4:      kennysheep_slug_shrine, kennysheep_little_box, kb_xom_exploding_sheep,
          lemuel_temple_firewalk_b, serial_shops, shop, first_bread, uniq_robin
D:5:      kennysheep_vampire_church, lemuel_crystal_altar, basic_altar
D:6:      zin_angel, grunt_decor_one_mirror
D:7:      yredelemnul_altar_generic, vehumet_crystals
D:8:      minmay_lair_entry_grove
D:9:      lemuel_doored_altar, minmay_orc_entry_temple_small, hangedman_ranch
D:11:     serial_undead, serial_undead_a, serial_undead_e, serial_undead_c,
          serial_undead_f, serial_undead_a, serial_undead_b, serial_undead_e,
          serial_undead_f
D:12:     basic_altar
D:13:     david_vaults_4, serial_shops, shop, shop, minivault_11,
          grunt_ministairs_11, fedhas_altar_3
D:14:     uniq_frances
D:15:     grunt_enter_depths_magical_seal, serial_park_tiny_2
Temple:   jpeg_temple_clearing
Lair:1:   lab_entry_generic, minmay_holes, lemuel_fruit_tree
Lair:2:   minmay_guarded_unrand_snakebite
Lair:3:   mu_elephants_graveyard, minmay_shoals_entry_beasts, wad_woods_antlair,
          uniq_sonja
Lair:4:   dummy_spider_entry, basic_altar
Lair:5:   lookout_lair_type, hangedman_lair_generics_rect
Lair:6:   minmay_lair_end_frog_pond, slime_dummy
Shoals:2: serial_shops, nicolae_shop_trees, shop,
          nicolae_shop_competitors_out_of_business, shop, shop,
          lemuel_altar_in_water2
Shoals:3: nicolae_shoals_water_elemental_grotto
Shoals:4: shoals_end_grunt_ice, shoal_ilsuiw
Spider:1: nicolae_spider_webs_and_nodes, uniq_aizul, uniq_nikola
Spider:2: portal_ice_cave_entry_pillars_three, nicolae_spider_circle_web
Spider:3: spider_trap, nicolae_spider_cling_ruins
Spider:4: grunt_spider_rune_parallel, uniq_arachne
Orc:2:    kennysheep_orc_mage_school, nicolae_orc_crystal_geode
Elf:1:    eino_elf_arrival_sip, hangedman_elf_represent, minmay_elf_demonology
Elf:2:    uniq_roxanne, uniq_louise
Elf:3:    grunt_elf_hall_asides, minivault_23, einodemon_barbed_minivault,
          uniq_jorgrun
Vaults:1: hangedman_vaults_variations, vaults_room_corners,
          nicolae_vaults_quartermaster, hangedman_vaults_unwind,
          vaults_dpeg_spiral, v_misc_2, ontoclasm_vaults_chip,
          hangedman_vaults_cutoff, vaults_dpeg_diagonal, serial_shops, shop,
          uniq_saint_roka
Vaults:2: nicolae_vaults_little_ls, hangedman_vaults_stream, v_misc_17,
          hangedman_vaults_impose, vaults_dpeg_hooks,
          vaults_mumra_minichess_inversion
Vaults:3: st_squares, minmay_crypt_entry_simple_box, v_misc_14,
          hangedman_vaults_river_flow, vaults_mumra_hexcomb, v_misc_22,
          hangedman_vaults_slice, v_rooms_4, vaults_dpeg_encased_lava,
          v_misc_17, serial_shops, nicolae_shop_stone
Vaults:4: hangedman_vaults_stagger, v_misc_24, ontoclasm_vaults_ring_large,
          vaults_room_fancy_cross, grunt_vaults_twisty, v_misc_9,
          nicolae_vaults_twisting_passages,
          vaults_room_grunt_arrival_checkpoint, hangedman_vaults_trim,
          vaults_room_ringed_pool, st_cells, vaults_room_pool
Depths:1: serial_shops, shop, hellmouth_3, minmay_misc_feat_doors,
          nicolae_wwwww, serial_bayou_pond_b, minmay_misc_feat_four_crosses,
          minmay_hedge_maze, laboratory, uniq_bai_suzhen
Depths:2: minmay_heptahexagon, serial_shops, nicolae_shop_crystal,
          trove_entry_hex_spiral, pan_entry,
          nicolae_abyss_entry_one_way_or_another, hell_entry,
          infiniplex_staircase_pillars_3a
Depths:3: cross_vault, serial_shops, kennysheep_mini_moat, nicolae_shop_stone,
          shop, serial_bayou_lagoon_a, rand_demon_pan_entry_8, hell_entry,
          hangedman_decor_push
Depths:4: evilmike_diamond_2, abyss_entry, roderic_nine_men_s_morris,
          grunt_metal_band, serial_sigils_hangedman_scratch, minmay_shoptagon,
          infiniplex_staircase_zigzag_3
Depths:5: grunt_crosshair, enter_ziggurat_d, abyss_entry, hell_entry,
          nemelex_xobeh_ov_fountains_minmay
Zot:1:    bh_zot_lava_cross, door_vault
Zot:2:    lemuel_halls_of_wrath
Zot:4:    nicolae_zot_stationary_front, grunt_megastairs_3
Abyss:5:  hangedman_abyss_or_decor_stagger,
          due_evilmike_abyss_rune_seething_liches, evilmike_abyss_exit_13,
          hangedman_abyss_or_decor_clamps, hangedman_abyss_or_decor_stabs,
          evilmike_abyss_rune_elephants_shrine
Lab:      labyrinth_hidden_loot
Trove:    trove_armour_1
IceCv:    ice_cave_caverns_01

Skill      XL: |  1  2  3  4  5  6  7  8  9 10 11 12 13 14 15 16 17 18 19 20 21 22 23 24 25 26 27 |
---------------+----------------------------------------------------------------------------------+-----
Stealth        | 1 2 3 4 5 6 8 10 12 | 12.2
Axes           | 4 12 13 14 15 16 18 | 18.2
Shields        | 1 2 3 7 10 13 15 | 15.2
Invocations    | 2 5 7 11 | 11.1
Fighting       | 3 5 7 9 12 14 16 19 20 21 23 24 27 | 27.0
Armour         | 3 7 10 11 12 13 14 20 | 20.0
Dodging        | 4 5 6 7 9 10 11 12 | 12.5
Throwing       | 2 6 9 11 13 | 13.2
Evocations     | 16 | 16.0

Action                   |  1- 3 |  4- 6 |  7- 9 | 10-12 | 13-15 | 16-18 | 19-21 | 22-24 | 25-27 || total
-------------------------+-------+-------+-------+-------+-------+-------+-------+-------+-------++-------
Melee: War axe           |    78 |   128 |   370 |   809 |   468 |       |       |       |       ||  1853
       Hand axe          |       |       |       |    88 |    42 |       |       |       |       ||   130
       Constrict         |       |       |       |       |   252 |   273 |    92 |   260 |   458 ||  1335
       Broad axe         |       |       |       |       |   934 |  1317 |   459 |  1489 |  3513 ||  7712
Throw: Javelin           |       |       |    10 |     2 |     3 |    42 |       |     2 |    45 ||   104
       Throwing net      |       |       |     2 |       |       |     3 |       |       |       ||     5
       Stone             |       |       |       |     3 |     2 |     1 |       |       |       ||     6
Invok: Heroism           |       |       |     4 |    13 |     2 |     8 |     2 |     7 |    11 ||    47
       Finesse           |       |       |       |     2 |     1 |     4 |     2 |     3 |     9 ||    21
 Abil: Spit Poison       |    27 |    19 |    41 |    65 |    63 |    60 |     2 |     2 |       ||   279
Evoke: Wand              |       |       |       |       |       |    13 |       |       |       ||    13
  Use: Scroll            |     5 |     4 |    10 |    10 |     9 |    19 |     2 |    13 |    23 ||    95
       Potion            |       |     2 |       |     3 |     1 |     4 |     2 |     3 |    11 ||    26
 Stab: Sleeping          |     3 |     6 |     6 |    12 |       |       |       |       |       ||    27
       Distracted        |       |       |       |     1 |       |       |       |       |     3 ||     4
       Confused          |       |       |       |       |       |       |       |       |     6 ||     6
       Invisible         |       |       |       |       |       |       |       |       |     4 ||     4
  Eat: Chunk             |     3 |     7 |    14 |    23 |    32 |    24 |     7 |    22 |    38 ||   170
       Bread ration      |       |       |       |     1 |       |       |       |       |       ||     1
       Meat ration       |       |       |       |       |       |     1 |       |     1 |     1 ||     3
       Fruit             |       |       |       |       |       |       |       |     1 |       ||     1
Armor: Leather armour    |    38 |    18 |       |       |       |       |       |       |       ||    56
       Ring mail         |       |    15 |   142 |   227 |       |       |       |       |       ||   384
       Plate armour      |       |       |       |    60 |   810 |   112 |       |       |       ||   982
       Crystal plate arm |       |       |       |       |       |   791 |   214 |   564 |  1447 ||  3016
Dodge: Dodged            |    62 |    44 |   111 |   273 |    86 |    67 |    23 |   125 |   622 ||  1413
Block: Buckler           |     2 |    22 |    95 |   277 |   380 |       |       |       |       ||   776
       Reflection        |       |       |       |       |     3 |       |       |       |       ||     3
       Large shield      |       |       |       |       |   266 |  1448 |   453 |  1403 |  3773 ||  7343
